Map: 카이로스 정션 - 래더

Players

INnoVation

  • Race: Terran Terran
  • Spawn Location: 11:00

Solar - Winner!

  • Race: Zerg Zerg
  • Spawn Location: 5:00

Event: IEM Season 13: Katowice (2019)

VOD

Have the link to the VOD?

Description

Time

  • Played on: March 1, 2019, 5:31 a.m.
  • Length: 13:39

All games in this series

Show
View Real Time Build Order
Export as new Build Order

INnoVation Terran 

Build Orders: Gas First Reaper Expand, Hellion Banshee 

Get SALT Encoding   

  12  0:00  SCV  
  13  0:12  SCV  
  14  0:16  Supply Depot  
  14  0:24  SCV  
  14  0:27  Refinery  
  15  0:38  SCV  
  16  0:44  Barracks  
  16  0:50  SCV  
  17  1:02  SCV  
  18  1:14  SCV  
  19  1:30  Reaper  
  19  1:31  Orbital Command  
  20  1:42  Command Center  
  20  1:53  Factory  
  20  1:57  SCV  
  21  2:04  Barracks Reactor  
  21  2:09  SCV  
  21  2:13  Supply Depot  
  22  2:15  Refinery  
  22  2:21  SCV  
  23  2:34  SCV  
  24  2:42  Starport  
  24  2:45  Hellion  
  24  2:46  SCV, Hellion  
  24  2:49  Marine  
  30  2:57  Orbital Command  
  30  2:59  SCV  
  31  3:08  Marine  
  31  3:11  SCV  
  33  3:16  Hellion x2  
  33  3:18  Starport Tech Lab  
  37  3:23  SCV x2  
  39  3:28  Supply Depot  
  39  3:36  Cloaking Field  
  39  3:38  SCV x2  
  39  3:41  Banshee  
  44  3:49  Hellion  
  44  3:50  Hellion  
  44  3:52  SCV  
  44  3:53  SCV  
  50  3:56  Barracks Tech Lab  
  50  3:59  Supply Depot  
  50  4:05  SCV x2  
  52  4:15  Stimpack  
  53  4:17  SCV x2  
  53  4:22  Command Center  
  53  4:24  Factory Reactor  
  54  4:27  Banshee  
  54  4:30  SCV x2  
  59  4:36  Supply Depot  
  59  4:42  SCV  
  59  4:43  SCV  
  61  4:47  Marine, Barracks  
  61  4:48  Barracks  
  61  4:52  Supply Depot  
  62  4:57  SCV x2  
  64  5:02  Engineering Bay x2  
  64  5:09  SCV x2  
  64  5:10  Marine  
  67  5:16  Supply Depot, Refinery  
  67  5:17  Refinery  
  67  5:18  Starport Reactor  
  67  5:19  Siege Tank  
  70  5:22  SCV x2  
  70  5:28  Marine  
  73  5:31  Terran Infantry Weapons Level 1, Terran Infantry Armor Level 1  
  73  5:34  SCV  
  73  5:35  SCV  
  75  5:38  Orbital Command  
  75  5:42  Marine x2  
  75  5:50  Marine x2  
  75  5:51  Marine, Siege Tank  
  75  5:54  SCV x2  
  83  6:00  Marine, Medivac  
  83  6:02  Medivac  
  83  6:03  Supply Depot  
  88  6:10  Orbital Command  
  88  6:11  Marine x2  
  88  6:12  Marine x2  
  88  6:15  Combat Shield  
  88  6:16  SCV x2  
  88  6:17  Supply Depot  
  88  6:18  Marine  
  95  6:29  Marine x3  
  95  6:30  Marine  
  95  6:32  SCV x2  
  101  6:35  Siege Tank  
  101  6:36  Marine  
  101  6:38  Armory  
  101  6:39  Supply Depot  
  105  6:47  Barracks x2  
  105  6:48  Supply Depot  
  105  6:49  SCV  
  105  6:50  SCV x2  
  105  6:54  Refinery  
  105  6:57  Supply Depot, Marine  
  105  6:58  Marine x3  
  109  7:02  Medivac  
  109  7:04  Medivac  
  116  7:08  Siege Tank  
  116  7:14  Supply Depot, SCV x2  
  116  7:15  SCV  
  119  7:22  Refinery  
  118  7:26  Marine x5  
  123  7:32  Terran Infantry Armor Level 2, Terran Infantry Weapons Level 2  
  123  7:36  Supply Depot  
  123  7:37  SCV x2  
  123  7:38  SCV  
  123  7:44  Barracks Reactor x2  
  126  7:45  Marine x5  
  131  7:54  Factory  
  131  7:55  Siege Tank  
  130  8:03  Marine x2  
  130  8:04  Command Center  
  132  8:09  SCV x3  
  132  8:11  Terran Vehicle And Ship Armor Level 1  
  135  8:13  Medivac x2  
  135  8:16  Marine x2  
  135  8:17  Marine  
  141  8:20  Marine  
  141  8:21  Marine  
  141  8:26  SCV x3  
  145  8:27  Marine  
  145  8:28  Marine x3  
  138  8:34  Marine x3  
  138  8:38  SCV x2  
  138  8:39  Marine, Factory Reactor, SCV  
  138  8:40  Widow Mine  
  138  8:43  Medivac x2  
  141  8:49  Command Center  
  141  8:58  Supply Depot  
  141  8:59  Supply Depot  
  141  9:01  Drilling Claws  
  141  9:17  Marine, Siege Tank  
  141  9:20  Marine x5, SCV x3  
  141  9:21  Marine x3  
  141  9:22  Widow Mine x2  
  156  9:26  Supply Depot  
  156  9:29  Supply Depot x2  
  156  9:35  Marine  
  157  9:44  Supply Depot x2  
  157  9:48  Marine x2, Widow Mine, Medivac x2  
  157  9:51  Widow Mine, Marauder  
  157  9:52  Supply Depot  
  169  9:53  Widow Mine, Supply Depot  
  171  10:04  SCV x3  
  174  10:07  Terran Infantry Weapons Level 3  
  174  10:09  Sensor Tower  
  174  10:10  Widow Mine  
  175  10:15  Terran Infantry Armor Level 3  
  175  10:19  Widow Mine  
  175  10:20  Widow Mine  
  179  10:26  Planetary Fortress  
  179  10:30  SCV x3  
  182  10:41  Widow Mine  
  184  10:44  Widow Mine  
  184  10:47  Barracks  
  184  10:48  Medivac x2  
  184  10:49  Barracks x2  
  182  10:52  Marine  
  182  10:54  Widow Mine  
  182  10:55  Marine  
  181  11:01  Liberator x2  
  181  11:03  Widow Mine  
  183  11:06  Widow Mine  
  185  11:15  Widow Mine  
  185  11:17  Marine x3, Marauder  
  192  11:23  SCV x2  
  200  11:25  Refinery  
  200  11:27  Refinery  
  199  11:34  Barracks Tech Lab  
  199  11:43  Supply Depot  
  199  11:45  Barracks Tech Lab x2  
  199  11:46  Marauder  
  186  11:48  Marine, Orbital Command  
  186  11:50  Widow Mine x3, Liberator x2  
  186  11:51  SCV x2  
  165  12:00  Marauder  
  151  12:02  Marine x5  
  151  12:08  Marauder  
  149  12:10  SCV  
  149  12:11  Widow Mine, SCV  
  149  12:12  Widow Mine x2  
  156  12:27  SCV x3  
  155  12:33  Widow Mine  
  155  12:36  Marauder x4  
  147  12:40  Marine x8  
  147  12:42  Widow Mine  
  141  12:47  Widow Mine  
  102  13:09  Marine x2  
  102  13:10  Marine, Marauder  
  102  13:11  Marine x2  
  102  13:12  Widow Mine, Marauder  
  91  13:22  Supply Depot  
  91  13:24  Supply Depot  
  91  13:25  Supply Depot  
Show
View Real Time Build Order
Export as new Build Order

Solar Zerg - Winner!

Build Orders: Hatch First 

Get SALT Encoding   

  12  0:01  Drone  
  13  0:12  Overlord  
  13  0:16  Drone  
  14  0:31  Drone x2  
  16  0:47  Hatchery  
  15  0:51  Drone  
  15  0:55  Drone  
  17  0:57  Drone  
  18  1:09  Extractor  
  17  1:13  Spawning Pool  
  17  1:16  Drone  
  17  1:20  Drone  
  18  1:29  Drone  
  20  1:40  Drone  
  20  2:00  Overlord  
  20  2:01  Queen x2, Zergling x4  
  26  2:10  Drone x2  
  28  2:24  Hatchery  
  28  2:28  Drone x2  
  29  2:36  Metabolic Boost  
  28  2:38  Drone  
  28  2:42  Drone  
  30  2:47  Queen  
  32  2:51  Overlord  
  32  2:55  Drone  
  32  2:57  Drone  
  34  3:01  Drone  
  35  3:11  Drone x5  
  40  3:20  Overlord  
  40  3:22  Queen, Drone  
  43  3:29  Overlord  
  43  3:36  Queen  
  43  3:37  Drone  
  43  3:38  Drone  
  43  3:39  Drone  
  48  3:41  Zergling x4  
  48  3:42  Zergling x2  
  48  3:44  Drone  
  48  3:46  Zergling x2  
  48  3:48  Drone  
  54  3:52  Overlord  
  54  3:56  Drone x3  
  54  4:01  Baneling Nest  
  54  4:02  Queen  
  58  4:06  Drone  
  58  4:09  Spore Crawler  
  58  4:11  Spore Crawler  
  58  4:12  Drone  
  58  4:14  Drone x2  
  60  4:18  Spore Crawler  
  60  4:19  Overlord  
  59  4:24  Lair  
  59  4:29  Extractor  
  59  4:30  Spore Crawler, Zergling x4  
  59  4:31  Extractor  
  59  4:33  Drone  
  59  4:34  Drone  
  59  4:35  Drone  
  59  4:36  Drone  
  62  4:38  Drone  
  62  4:40  Drone  
  62  4:42  Drone x2  
  62  4:45  Drone  
  67  4:46  Drone x2  
  67  4:49  Overlord  
  67  4:51  Drone  
  67  4:52  Drone  
  71  4:55  Drone x2  
  71  4:57  Drone  
  74  5:01  Overlord  
  74  5:03  Overlord  
  74  5:07  Evolution Chamber  
  74  5:12  Drone x2  
  74  5:15  Drone x3  
  74  5:16  Drone x2  
  74  5:17  Drone  
  74  5:19  Drone  
  74  5:20  Evolution Chamber  
  74  5:21  Drone x2  
  82  5:30  Drone, Overseer  
  82  5:32  Overlord  
  83  5:35  Overlord  
  83  5:36  Centrifical Hooks  
  83  5:40  Zergling x8  
  83  5:41  Extractor  
  86  5:43  Zerg Melee Weapons Level 1  
  86  5:44  Zergling x2  
  86  5:50  Drone  
  86  5:52  Overlord  
  86  5:59  Zergling x2  
  86  6:00  Zergling x18  
  96  6:10  Drone x2  
  94  6:12  Drone, Zerg Ground Armor Level 1  
  94  6:15  Drone x2  
  94  6:16  Drone x2  
  99  6:20  Hatchery  
  99  6:23  Zergling x2  
  99  6:24  Zergling x14  
  99  6:25  Baneling x2  
  106  6:26  Baneling  
  106  6:33  Baneling x2  
  106  6:36  Baneling  
  106  6:37  Zergling x6  
  106  6:39  Baneling  
  109  6:43  Overlord  
  109  6:46  Baneling  
  108  6:48  Zergling x2  
  108  6:49  Zergling x2  
  108  6:53  Drone  
  111  6:55  Drone  
  111  6:56  Drone  
  111  6:57  Zergling x4  
  111  6:59  Overlord  
  115  7:01  Overlord  
  115  7:07  Overlord  
  116  7:13  Zergling x2  
  116  7:14  Zergling x10  
  116  7:15  Overlord  
  122  7:18  Drone, Hatchery  
  122  7:20  Drone  
  122  7:21  Infestation Pit  
  122  7:22  Drone  
  123  7:28  Zergling x8  
  126  7:33  Zergling x2  
  126  7:34  Overseer, Zergling x2  
  126  7:35  Baneling x3  
  128  7:39  Drone, Hatchery  
  128  7:43  Drone  
  129  7:44  Overlord  
  129  7:50  Drone x2  
  131  7:53  Baneling x5  
  131  7:54  Baneling x10, Zergling x10  
  131  7:55  Zergling x2  
  137  8:03  Drone, Extractor  
  137  8:07  Drone x2, Zergling x2  
  137  8:08  Zergling x6  
  143  8:14  Zerg Ground Armor Level 2  
  143  8:17  Overlord  
  143  8:18  Zerg Melee Weapons Level 2  
  143  8:20  Zergling x6  
  143  8:22  Zergling x2  
  143  8:23  Zergling x2  
  148  8:32  Zergling x6  
  148  8:34  Zergling x4  
  142  8:36  Hive  
  142  8:37  Queen  
  142  8:38  Zergling x4  
  142  8:39  Zergling x6  
  142  8:45  Zergling x2  
  142  8:46  Zergling x16  
  143  8:55  Zergling x2  
  143  8:56  Zergling x6  
  143  8:57  Baneling x9  
  143  9:02  Zergling x4  
  143  9:10  Hatchery  
  143  9:12  Zergling x2  
  143  9:13  Zergling x6  
  143  9:15  Zergling x8  
  148  9:18  Zergling x4  
  148  9:19  Baneling x9  
  148  9:20  Baneling  
  146  9:27  Zergling x14  
  153  9:31  Extractor  
  153  9:33  Zergling x6  
  155  9:41  Overlord x2  
  155  9:43  Zergling x8  
  159  9:49  Ultralisk Cavern, Adrenal Glands  
  158  9:53  Viper  
  158  9:55  Zergling x6  
  158  9:57  Overlord  
  158  9:58  Overlord  
  165  10:00  Zergling x4  
  165  10:04  Zergling x4  
  168  10:09  Overlord  
  168  10:10  Zergling x2  
  168  10:11  Zergling x4  
  170  10:16  Zergling x6  
  173  10:25  Drone x7  
  173  10:26  Drone x3  
  182  10:41  Drone x2  
  174  10:43  Chitinous Plating, Ultralisk x2  
  174  10:44  Zergling x2  
  174  10:45  Zergling x2  
  174  10:46  Hatchery  
  173  10:56  Ultralisk, Zergling x6  
  180  11:00  Zergling x8  
  180  11:03  Baneling x6  
  184  11:06  Baneling  
  184  11:07  Baneling x6  
  184  11:11  Spore Crawler  
  184  11:12  Zergling x4  
  184  11:13  Zergling x2  
  184  11:17  Baneling x9  
  186  11:27  Ultralisk, Zergling x6  
  195  11:34  Zergling x2  
  195  11:35  Zergling x10  
  195  11:37  Zergling x2  
  195  11:38  Zergling x4  
  198  11:43  Pneumatized Carapace  
  198  11:45  Zergling x4  
  198  11:46  Zergling x8  
  196  11:49  Baneling  
  196  11:50  Baneling x5  
  182  12:01  Ultralisk  
  181  12:03  Zergling x12  
  179  12:08  Baneling  
  179  12:09  Baneling x9  
  179  12:12  Zergling x6  
  179  12:13  Baneling  
  179  12:14  Baneling x2  
  181  12:20  Zergling x10  
  186  12:24  Anabolic Synthesis  
  186  12:25  Zergling x2  
  186  12:26  Zergling x2  
  186  12:35  Zergling x2  
  186  12:36  Zergling x16  
  184  12:38  Zergling x2  
  184  12:39  Zergling x2  
  184  12:40  Zergling x4  
  165  12:44  Zergling x2  
  165  12:45  Zergling x6  
  163  12:51  Zergling x2  
  163  12:52  Spire, Zergling x2  
  163  12:55  Zergling x4  
  165  12:58  Baneling  
  165  12:59  Baneling x8  
  165  13:00  Zergling x2  
  165  13:01  Zergling x2  
  158  13:05  Zergling x2  
  158  13:06  Zergling x6  
  140  13:13  Zergling x12  
  140  13:19  Baneling x10  
  143  13:22  Zergling x6  

Tags
 
Add a new tag
Caveats
  • Supply blocks, unpowered buildings, or Contaminate may cause inaccurate times.
  • Supply counts are checked every 10 seconds.